 Dungeon Crawl Stone Soup version 0.22-a0-86-g94e0ad4 (webtiles) character file.

62 CuddlesCardenas the Shield-Bearer (level 3, -6/33 HPs)
             Began as a Minotaur Fighter on Jan 22, 2018.
             Mangled by a gnoll
             ... wielding a +0 spear
              (7 damage)
             ... on level 2 of the Dungeon.
             The game lasted 00:03:54 (754 turns).

CuddlesCardenas the Shield-Bearer (Minotaur Fighter) Turns: 754, Time: 00:03:54

Health: -6/33      AC:  7    Str: 20    XL:     3   Next: 85%
Magic:  2/2        EV:  7    Int:  5    God:
Gold:   50         SH:  9    Dex: 10    Spells: 2/2 levels left

rFire    . . .     SeeInvis .   k - +0 mace
rCold    . . .     Gourm    .   c - +0 shield
rNeg     . . .     Faith    .   b - +0 scale mail
rPois    .         Spirit   .   (helmet restricted)
rElec    .         Reflect  .   (no cloak)
rCorr    .         Harm     .   (no gloves)
MR       +....                  (no boots)
Stlth    ..........             (no amulet)
HPRegen  0.11/turn              n - ring of protection from magic
MPRegen  0.08/turn              (no ring)

@: no status effects
A: retaliatory headbutt, horns 2
a: no special abilities


You were on level 2 of the Dungeon.
You were not hungry.

You visited 1 branch of the dungeon, and saw 2 of its levels.

You collected 50 gold pieces.

Inventory:

Hand Weapons
 a - a +0 flail
 k - a +0 mace (weapon)
Missiles
 m - 2 javelins (quivered)
Armour
 b - a +0 scale mail (worn)
 c - a +0 shield (worn)
Jewellery
 n - a ring of protection from magic (left hand)
Scrolls
 e - 2 scrolls of identify {unknown}
 h - a scroll of blinking {unknown}
 j - 2 scrolls of teleportation {unknown}
 l - a scroll of remove curse {unknown}
Potions
 d - a potion of might
 g - 2 potions of curing {unknown}
 i - a potion of cancellation {unknown}
Comestibles
 f - 2 rations


   Skills:
 + Level 4.0 Fighting
 + Level 2.8 Maces & Flails
 + Level 4.0 Armour
 - Level 0.2 Dodging
 + Level 5.0 Shields


You had 2 spell levels left.
You didn't know any spells.

Dungeon Overview and Level Annotations

Branches:
Dungeon (2/15)

Altars:


Innate Abilities, Weirdness & Mutations

You reflexively headbutt those who attack you in melee.
You have a pair of horns on your head.


Message History

You are too injured to fight recklessly!
You are too injured to fight recklessly!
Your shield prevents you from hitting the gnoll.
The gnoll is severely wounded.
The gnoll barely misses you. You furiously retaliate!
You headbutt the gnoll.
You kill the gnoll!
Your Shields skill increases to level 5!
The gnoll barely misses you. The gnoll hits you with a spear.
You are too injured to fight recklessly!
You closely miss the gnoll. The gnoll hits you but does no damage.
The gnoll barely misses you. You block the gnoll's attack.
You sock the gnoll!
The gnoll is heavily wounded.
The gnoll hits you but does no damage. The gnoll barely misses you. x2
You barely miss the gnoll.
The gnoll is heavily wounded.
The gnoll hits you from afar with a spear!
* * * LOW HITPOINT WARNING * * *
The gnoll hits you with a spear!
You die...

...........###
.......$...>.#
......%.....#
#..........#
#..........##
#............
#....<.......
#............
#...@....%...
#...)gg......
#............
#............
#########....
##..


You could see 2 gnolls.

Vanquished Creatures
  A gnoll (D:2)
  An ooze (D:1)
  2 dart slugs (D:1)
  A leopard gecko (D:1)
  3 bats (D:1)
  4 giant cockroaches (D:1)
  5 goblins (D:1)
  4 hobgoblins (D:1)
  4 jackals (D:1)
  6 ball pythons (D:1)
  3 frilled lizards (D:1)
  3 kobolds (D:1)
  3 rats
40 creatures vanquished.

Notes
Turn   | Place    | Note
-------+----------+-------------------------------------------
     0 | D:1      | CuddlesCardenas the Minotaur Fighter began the quest for the Orb.
     0 | D:1      | Reached XP level 1. HP: 19/19 MP: 0/0
    25 | D:1      | Reached skill level 4 in Shields
    88 | D:1      | Reached XP level 2. HP: 22/27 MP: 1/1
   191 | D:1      | Reached XP level 3. HP: 20/33 MP: 2/2
   751 | D:2      | Reached skill level 5 in Shields
   754 | D:2      | HP: 1/33 [gnoll/spear (9)]
   754 | D:2      | Mangled by a gnoll

Vault maps used:
D:1:      erik_arrival_triangle_small
D:2:      first_ration, minmay_statues_item, uniq_terence

Skill      XL: |  1  2  3 |
---------------+----------+-----
Shields        | 4 5 |  5.0
Fighting       | 4 |  4.0
Armour         | 4 |  4.0
Maces & Flails | |  2.8
Dodging        | |  0.2

Action                   || total
-------------------------++-------
Melee: Flail             ||    61
       Headbutt          ||    17
       Mace              ||    49
Throw: Javelin           ||     1
Armor: Scale mail        ||    54
Dodge: Dodged            ||    42
Block: Shield            ||    66

Table legend:
 A = Spawn XP
 B = Non-spawn XP
 C = Spawn XP percentage of total XP
 D = Spawn monster count
 E = Non-spawn monster count
 F = Spawn count percentage of total count
 G = Total turns spent on level
                    A         B        C        D         E        F      G
               +---------+---------+-------+---------+---------+-------+---------
         Total |       0 |      89 |   0.0 |       0 |      40 |   0.0 |   754
               +---------+---------+-------+---------+---------+-------+---------
           D:1 |       0 |      74 |   0.0 |       0 |      38 |   0.0 |   744
           D:2 |       0 |      15 |   0.0 |       0 |       2 |   0.0 |    10
               +---------+---------+-------+---------+---------+-------+---------
